 Dungeon Crawl Stone Soup version 0.24.0-13-gcf9b319 (webtiles) character file.

Game seed: 2954758046341003614, levelgen mode: deterministic

801 Bronimir the Digger (level 8, -3/55 HPs)
             Began as a Formicid Earth Elementalist on Mar 3, 2020.
             Was an Initiate of Yredelemnul.
             Slain by a centaur (5 damage)
             ... on level 5 of the Dungeon.
             The game lasted 00:20:45 (6054 turns).

Bronimir the Digger (Formicid Earth Elementalist)   Turns: 6054, Time: 00:20:46

Health: -3/55      AC:  4    Str: 15    XL:     8   Next: 14%
Magic:  10/14      EV: 12    Int: 15    God:    Yredelemnul [......]
Gold:   230        SH:  0    Dex: 11    Spells: 5/15 levels left

rFire    . . .     SeeInvis +   a - +2 scythe (freeze)
rCold    . . .     Gourm    .   (no shield)
rNeg     . . .     Faith    .   h - +1 leather armour
rPois    .         Spirit   .   (helmet unavailable)
rElec    .         Reflect  .   (no cloak)
rCorr    .         Harm     .   (no gloves)
MR       .....                  (no boots)
Stlth    +.........             i - amulet of the acrobat
HPRegen  0.18/turn              (no ring)
MPRegen  0.14/turn              (no ring)

@: no status effects
A: permanent stasis, dig shafts and tunnels, four strong arms, antennae 3,
hooves 1, thin metallic scales 1, blurry vision 1, deformed body
a: Dig, Shaft Self, Renounce Religion


You were on level 5 of the Dungeon.
You worshipped Yredelemnul.
Yredelemnul was noncommittal.
You were very hungry.

You visited 2 branches of the dungeon, and saw 6 of its levels.

You collected 230 gold pieces.

Inventory:

Hand Weapons
 a - a +2 scythe of freezing (weapon)
 b - a +0 shortbow
 f - a +0 arbalest
 g - a +0 flail
 l - a +0 hunting sling
 p - a +0 hand axe
Missiles
 k - 105 stones (quivered)
 m - 15 arrows
 s - 21 sling bullets
Armour
 c - a +0 robe
 h - a +1 leather armour (worn)
Jewellery
 i - an amulet of the acrobat (around neck)
 j - a +4 ring of strength
Wands
 q - a wand of enslavement (2)
 u - a wand of disintegration (19)
Scrolls
 e - a scroll of fear {unknown}
Potions
 n - a potion of haste
 o - a potion of flight {unknown}
 t - a potion of curing
 v - 2 potions of agility {unknown}
Comestibles
 d - 7 rations


   Skills:
 * Level 1.7 Fighting
 + Level 1.4(2.2) Axes
 * Level 2.6(2.9) Polearms
 + Level 1.0 Bows
 + Level 2.2 Armour
 + Level 2.6 Dodging
 - Level 2.4 Stealth
 + Level 4.3 Spellcasting
 + Level 0.3 Conjurations
 + Level 3.4 Transmutations
 * Level 6.2 Earth Magic
 * Level 0.4 Invocations


You had 5 spell levels left.
You knew the following spells:

 Your Spells              Type           Power        Failure   Level  Hunger
a - Sandblast             Erth           ###...       1%          1    None
b - Passwall              Tmut/Erth      ###.....     4%          2    ##.....
c - Stone Arrow           Conj/Erth      ##....       17%         3    ###....
d - Petrify               Tmut/Erth      ###.....     30%         4    ####...

Your spell library contained the following spells:

 Spells                   Type           Power        Failure   Level  Hunger
 Lee's Rapid Deconstruct  Erth           ###.......   43%         5    ######.


Dungeon Overview and Level Annotations

Branches:
Dungeon (5/15)             Temple (1/1) D:4

Altars:
Ashenzari
Cheibriados
Dithmenos
Elyvilon
Fedhas
Gozag
Kikubaaqudgha
Makhleb
Qazlal
Sif Muna
Trog
Uskayaw
Wu Jian
Yredelemnul
Zin
The Shining One


Innate Abilities, Weirdness & Mutations

You cannot be hasted, slowed, berserked, paralysed or teleported.
You can dig through walls and to a lower floor.
Your four strong arms can wield two-handed weapons with a shield.
You have a pair of large antennae on your head. (SInv)
You have large cloven feet.
You are partially covered in thin metallic scales. (AC +2)
Scrolls take you a little longer to read.
Armour fits poorly on your strangely shaped body.


Message History

Press: ? - help, Shift-Dir - straight line, f/p - centaur
Aim: a centaur (heavily wounded)
The blast of sand hits the centaur.
The centaur is severely wounded.
k - 105 stones The centaur hits you.
* * * LOW HITPOINT WARNING * * *
The centaur hits you.
* * * LOW HITPOINT WARNING * * *
The adder completely misses you. The centaur hits you.
* * * LOW HITPOINT WARNING * * *
The centaur hits you.
* * * LOW HITPOINT WARNING * * *
It was a potion of haste.
Your stasis prevents you from being hasted.
The adder bites you.
* * * LOW HITPOINT WARNING * * *
The centaur barely misses you. The centaur hits you.
You die...
Your body rises from the dead as a mindless zombie.

##.# ######.##
###.[.....##
#..........#
...........#
..........#
##........##
##.....(cc#
#.#..{..>#@#
#..c..(..#S#
cc.#.....###.......
#.....# .......
#.....## .......
......## .......
#...... ....... #
####### ....... #
#..>...


You could see 2 centaurs and an adder.

Vanquished Creatures
  Sigmund (D:2)
  A centaur (D:5)
  A scorpion (D:4)
  A water moccasin skeleton (D:5)
  A bullfrog zombie (D:4)
  3 orc wizards (D:5)
  Natasha (thrice) (D:2)
  Ijyb (D:2)
  A hound zombie (D:4)
  2 worker ant zombies (D:4)
  Robin (D:3)
  6 adders
  A gnoll (D:1)
  3 oozes
  2 adder zombies (D:4)
  2 adder skeletons
  2 worms
  3 leopard geckos (D:5)
  6 orcs
  4 giant cockroaches
  10 hobgoblins
  4 jackals (D:1)
  4 quokkas
  11 bats
  6 frilled lizards
  13 goblins
  A jackal zombie (D:4)
  8 kobolds
  A leopard gecko zombie (D:4)
  9 rats
112 creatures vanquished.

Notes
Turn   | Place    | Note
-------+----------+-------------------------------------------
     0 | D:1      | Bronimir the Formicid Earth Elementalist began the quest
                  | for the Orb.
     0 | D:1      | Reached XP level 1. HP: 13/13 MP: 3/3
   366 | D:1      | Reached skill level 4 in Earth Magic
   366 | D:1      | Reached XP level 2. HP: 19/19 MP: 0/5
   645 | D:1      | Reached XP level 3. HP: 20/25 MP: 3/6
   843 | D:1      | Learned a level 2 spell: Passwall
   847 | D:1      | Learned a level 3 spell: Stone Arrow
  1023 | D:1      | Reached skill level 1 in Fighting
  1415 | D:2      | Reached XP level 4. HP: 18/32 MP: 5/8
  1914 | D:2      | Found a white marble altar of Elyvilon.
  1995 | D:2      | Noticed Natasha
  2005 | D:2      | Killed Natasha
  2005 | D:2      | Reached XP level 5. HP: 21/37 MP: 5/9
  2098 | D:2      | Noticed Natasha
  2103 | D:2      | Killed Natasha
  2189 | D:2      | Learned a level 4 spell: Petrify
  2200 | D:2      | Noticed Natasha
  2205 | D:2      | Killed Natasha
  2205 | D:2      | Reached skill level 5 in Earth Magic
  2296 | D:2      | Noticed Sigmund
  2309 | D:2      | Killed Sigmund
  2309 | D:2      | Reached skill level 1 in Axes
  2309 | D:2      | Reached skill level 1 in Armour
  2309 | D:2      | Reached XP level 6. HP: 23/43 MP: 5/12
  2540 | D:3      | Noticed Ijyb
  2555 | D:2      | Killed Ijyb
  2641 | D:3      | Noticed Robin
  2646 | D:3      | Reached XP level 7. HP: 24/48 MP: 11/13
  2846 | D:3      | Killed Robin
  2916 | D:3      | Found a glowing golden altar of the Shining One.
  3020 | D:3      | Reached skill level 1 in Polearms
  3136 | D:3      | Found a shattered altar of Ashenzari.
  4601 | D:4      | Found a staircase to the Ecumenical Temple.
  4610 | Temple   | Entered the Ecumenical Temple
  4760 | Temple   | Became a worshipper of Yredelemnul the Dark
  4813 | D:4      | Found a blossoming altar of Fedhas.
  4844 | D:4      | Reached skill level 6 in Earth Magic
  5054 | D:4      | Gained mutation: Armour fits poorly on your strangely
                  | shaped body. [potion of mutation]
  5054 | D:4      | Gained mutation: Scrolls take you a little longer to read.
                  | [potion of mutation]
  5054 | D:4      | Gained mutation: You are partially covered in thin metallic
                  | scales. (AC +2) [potion of mutation]
  5054 | D:4      | Gained mutation: You have large cloven feet. [potion of
                  | mutation]
  5347 | D:5      | Entered Level 5 of the Dungeon
  5452 | D:5      | Found a snail-covered altar of Cheibriados.
  5602 | D:5      | Reached XP level 8. HP: 30/54 MP: 3/14
  5858 | D:5      | Reached skill level 1 in Bows
  6054 | D:5      | HP: 2/55 [adder (3)]
  6054 | D:5      | Slain by a centaur

Levels and vault maps discovered:
D:1:      dpeg_arrival_renting, layout_basic
D:2:      layout_basic, overflow_temple_1_default,
          chequers_serial_rivers_micro_c, corexii_leaking_fountain,
          uniq_sigmund, uniq_natasha
D:3:      kennysheep_big_flooded_room, layout_rooms, evilmike_ruin_ashenzari,
          nicolae_tso_carved_into_rock, first_ration, uniq_robin, uniq_ijyb
D:4:      layout_basic, kennysheep_little_box, minmay_temple_entry_stoned_glass,
          serial_undead, serial_undead_c, serial_undead_c, serial_undead_d,
          serial_undead_d, serial_undead_d, serial_undead_c
D:5:      layout_cave_pods, nicolae_overflow_crystal_walls, minmay_manual_mares
Temple:   jpeg_temple_clearing

Skill      XL: |  1  2  3  4  5  6  7  8 |
---------------+-------------------------+-----
Earth Magic    | 4 5 6 |  6.2
Fighting       | 1 |  1.7
Spellcasting   | 3 4 |  4.3
Dodging        | 2 |  2.6
Axes           | 1 |  1.4
Armour         | 1 2 |  2.2
Transmutations | 2 3 |  3.4
Polearms       | 2 |  2.6
Bows           | 1 |  1.0
Stealth        | |  2.4
Conjurations   | |  0.3
Invocations    | |  0.4

Action                   |  1- 3 |  4- 6 |  7- 9 || total
-------------------------+-------+-------+-------++-------
Melee: Unarmed           |     7 |       |       ||     7
       Club              |     9 |       |       ||     9
       Hand axe          |    30 |    37 |       ||    67
       Scythe            |       |    30 |   123 ||   153
       Kick              |       |       |     7 ||     7
 Fire: Shortbow          |       |       |    29 ||    29
Throw: Stone             |     1 |       |       ||     1
 Cast: Sandblast         |    34 |    19 |    37 ||    90
       Stone Arrow       |     2 |     5 |     8 ||    15
  Use: Scroll            |       |       |     8 ||     8
       Potion            |       |       |     3 ||     3
 Stab: Sleeping          |     2 |     2 |     4 ||     8
       Distracted        |       |       |     1 ||     1
  Eat: Chunk             |     2 |     4 |     8 ||    14
       Ration            |       |       |     1 ||     1
Armor: Robe              |     8 |       |       ||     8
       Leather armour    |     6 |     7 |    53 ||    66
Dodge: Dodged            |    49 |    86 |   176 ||   311
